 Dungeon Crawl Stone Soup version 0.27.0-1-g7a089689b8 (webtiles) character file.

Game seed: 11847493669745705244

670 mandarbmax the Caller (level 7, -3/54 HPs)
             Began as a Barachi Summoner on July 31, 2021.
             Was a Priest of Vehumet.
             Killed by an exploding ball python (15 damage)
             ... ignited by their inner flame
             ... on level 4 of the Dungeon.
             The game lasted 00:15:03 (5337 turns).

mandarbmax the Caller (Barachi Summoner)            Turns: 5337, Time: 00:15:04

Health: -3/54      AC:  3    Str: 10    XL:     7   Next: 58%
Magic:  3/13       EV: 27    Int: 17    God:    Vehumet [***...]
Gold:   159        SH:  0    Dex: 12    Spells: 9/14 levels left

rFire    . . .     SeeInvis .   t - +0 falchion
rCold    . . .     Faith    .   (no shield)
rNeg     . . .     Spirit   .   b - +0 leather armour
rPois    .         Reflect  .   (no helmet)
rElec    .         Harm     .   (no cloak)
rCorr    .         Rampage  .   (no gloves)
Will     ++...                  (no boots)
Stlth    ++........             p - amulet of the acrobat
HPRegen  0.18/turn              f - ring of willpower
MPRegen  0.13/turn              l - ring of willpower

@: unable to hop, acrobatic, slow
A: amphibious, slowness 1, strong legs 1, +LOS
a: Hop, Renounce Religion


You were on level 4 of the Dungeon.
You worshipped Vehumet.
Vehumet was most pleased with you.
You visited 1 branch of the dungeon, and saw 4 of its levels.

You collected 159 gold pieces.

Inventory:

Hand Weapons
 h - a +2 dagger of protection
 t - a +0 falchion (weapon)
Armour
 b - a +0 leather armour (worn)
 i - a +0 kite shield
Jewellery
 f - a ring of willpower (left hand)
 l - a ring of willpower (right hand)
 p - an amulet of the acrobat (around neck)
 v - a ring of resist corrosion
Scrolls
 a - a scroll of identify {unknown}
 d - a scroll of summoning {unknown}
 o - 2 scrolls of amnesia {unknown}
 q - a scroll of teleportation
 s - a scroll of noise {unknown}
 u - a scroll of blinking {unknown}
 w - a scroll of magic mapping {unknown}
 x - a scroll of fear {unknown}
Potions
 c - a potion of ambrosia {unknown}
 e - a potion of mutation {unknown}
 g - 2 potions of heal wounds {unknown}
 j - 3 potions of attraction {unknown}
 m - a potion of haste {unknown}
 n - a potion of flight {unknown}
 r - a potion of curing {unknown}


   Skills:
 - Level 4.0 Fighting
 + Level 3.3 Armour
 + Level 3.9 Dodging
 - Level 1.7 Stealth
 - Level 4.0 Spellcasting
 - Level 6.0 Summonings
 - Level 4.0 Ice Magic


You had 9 spell levels left.
You knew the following spells:

 Your Spells              Type           Power      Damage    Failure   Level
a - Summon Small Mammal   Summ           92%        N/A       1%          1
b - Call Imp              Summ           23%        N/A       2%          2
c - Magic Dart            Conj           12%        1d3       5%          1
d - Freeze                Ice            68%        1d8       1%          1

Your spell library contained the following spells:

 Spells                   Type           Power      Damage    Failure   Level
 Stone Arrow              Conj/Erth      6%         3d7       16%         3
 Call Canine Familiar     Summ           23%        N/A       5%          3
 Summon Guardian Golem    Hex/Summ       13%        N/A       19%         3
 Animate Skeleton         Necr           6%         N/A       21%         1
 Apportation              Tloc           6%         N/A       21%         1
 Corona                   Hex            3%         N/A       21%         1
 Summon Lightning Spire   Summ/Air       13%        N/A       52%         4


Dungeon Overview and Level Annotations

Branches:
Dungeon (4/15)
 Temple: D:4-7

Altars:
Dithmenos
Vehumet
Xom

Shops:
D:4 :


Innate Abilities, Weirdness & Mutations

You are amphibious.
You cover ground slowly.
You can hop short distances.
You have an extended range of vision and can be seen from far away.


Message History

Flame seeps out of the ogre.
Your quokka bites the ogre but does no damage.
Unknown command.
Casting: Summon Small Mammal (safe; 1% risk of failure)
Confirm with . or Enter, or press ? or * to list all spells.
Your bat hits the ogre but does no damage.
The ogre is engulfed in blazing flames.
Flame seeps out of the ogre.
Your quokka barely misses the ogre.
Unknown command.
Your bat barely misses the ogre. x2; The ogre completely misses your bat.
Your quokka bites the ogre.
Vehumet accepts your kill.
The ogre explodes!
The fiery explosion engulfs your crimson imp.
Your crimson imp completely resists.
The fiery explosion engulfs your quokka!!!
Your quokka's corpse disappears in a puff of smoke!
The fiery explosion engulfs your bat!!
Your bat's corpse disappears in a puff of smoke!
Your bat explodes!
The fiery explosion engulfs your quokka!!
You kill your quokka!
Your quokka's corpse disappears in a puff of smoke!
Your quokka explodes!
The fiery explosion engulfs your crimson imp.
Your crimson imp completely resists.
Your Armour skill increases to level 3!
Unknown command.
Unknown command.
Unknown command.
Your crimson imp blinks!
The ball python completely misses you. x2
The ball python completely misses you. The ball python closely misses you.
The ball python completely misses you.
You riposte.
You hit the ball python. Vehumet accepts your kill.
Vehumet is now aiding your destructive spells.
You feel your power returning.
The ball python explodes!
The fiery explosion engulfs you!
You die...

....# ########.##.#
#.###.#.#### ....#
..........#.# ####........
....#
..........#.####.####......
.####
..........#................
#
..........#.####.###.......
#########..## #....#.......
##)## #....#....... ###..#
#....#.......
#.§@§###....#.......
#.§§§.##....#.#..... ######
#.§.§.##....#.#..... #....#
#......##.###.#..... #....#
#....#.##.# #....#
#....#..#.# #....#
#)...##.#÷# #....# #....#
.#†#
######....####....##.#.#


There were no monsters in sight!

Vanquished Creatures
  2 water moccasin skeletons (D:4)
  An orc priest (D:4)
  A hound (D:4)
  An iguana (D:4)
  2 orc wizards (D:4)
  An adder (D:2)
  A worm (D:4)
  A dart slug (D:3)
  4 orcs (D:3)
  3 endoplasms
  3 giant cockroaches
  5 goblins
  4 hobgoblins
  2 jackals (D:4)
  2 quokkas
  3 ball pythons (D:4)
  3 bats
  A jackal skeleton (D:4)
  2 kobolds
  3 rats
45 creatures vanquished.

Vanquished Creatures (collateral kills)
  Grinder (D:4)
  A black bear (D:4)
  2 ogres
  A howler monkey (D:4)
  An orc priest (D:4)
  An iguana (D:4)
  2 adders (D:3)
  3 gnolls (D:4)
  2 worms
  A dart slug (D:3)
  9 orcs
  3 ball pythons
  An endoplasm (D:1)
  2 goblins
  2 hobgoblins (D:2)
  4 jackals (D:1)
  3 kobolds
  3 bats
  A rat (D:2)
43 creatures vanquished.

Vanquished Creatures (others)
  2 fungi (D:1)
2 creatures vanquished.

Grand Total: 90 creatures vanquished

Notes
Turn   | Place    | Note
-------+----------+-------------------------------------------
     0 | D:1      | mandarbmax the Barachi Summoner began the quest for the
                  | Orb.
     0 | D:1      | Reached XP level 1. HP: 13/13 MP: 3/3
    64 | D:1      | Reached skill level 5 in Summonings
   290 | D:1      | Found a faded altar of an unknown god.
   401 | D:1      | Reached XP level 2. HP: 10/19 MP: 0/5
   642 | D:1      | Learned a level 2 spell: Call Imp
  1060 | D:1      | Became a worshipper of Vehumet
  1060 | D:1      | Reached * piety under Vehumet
  1060 | D:1      | Offered knowledge of Magic Dart by Vehumet.
  1079 | D:1      | Learned a level 1 spell: Magic Dart
  1478 | D:2      | Reached skill level 6 in Summonings
  1478 | D:2      | Reached XP level 3. HP: 24/24 MP: 1/6
  2214 | D:3      | Noticed an ogre
  2287 | D:3      | Reached ** piety under Vehumet
  2303 | D:3      | Offered knowledge of Freeze by Vehumet.
  2323 | D:3      | Learned a level 1 spell: Freeze
  2477 | D:3      | Reached XP level 4. HP: 16/30 MP: 0/8
  3245 | D:3      | Killed an ogre
  3246 | D:3      | Reached skill level 1 in Ice Magic
  3246 | D:3      | Reached XP level 5. HP: 35/35 MP: 1/11
  3497 | D:4      | Found Ydeor's Self-Improvement Boutique.
  3502 | D:4      | Noticed a black bear
  3512 | D:4      | Killed a black bear
  3820 | D:4      | Reached skill level 1 in Fighting
  3820 | D:4      | Reached XP level 6. HP: 37/43 MP: 3/12
  4307 | D:4      | Offered knowledge of Stone Arrow by Vehumet.
  4551 | D:4      | Found a shadowy altar of Dithmenos.
  4552 | D:4      | Found a shimmering altar of Xom.
  4819 | D:4      | Reached skill level 1 in Armour
  4866 | D:4      | Reached XP level 7. HP: 23/54 MP: 7/13
  5299 | D:4      | Noticed Grinder
  5317 | D:4      | Killed Grinder
  5337 | D:4      | Reached *** piety under Vehumet
  5337 | D:4      | Killed by an exploding ball python... ignited by their
                  | inner flame

Illustrated notes

Levels and vault maps discovered:
D:1:      scummos_arrival_gate, layout_rooms, shapermc_ecumenical_altar_ellora
D:2:      layout_loops_cross, minivault_14, minmay_tall_x
D:3:      layout_basic, minmay_liquid_box, minmay_box_of_dots
D:4:      layout_basic, gammafunk_temple_overflow_statue,
          nicolae_shop_self_help, uniq_grinder

Skill      XL: |  1  2  3  4  5  6  7 |
---------------+----------------------+-----
Summonings     | 5 6 |  6.0
Spellcasting   | 3 4 |  4.0
Ice Magic      | 1 4 |  4.0
Fighting       | 1 4 |  4.0
Armour         | 1 3 |  3.3
Dodging        | 3 |  3.9
Stealth        | |  1.7

Action                   |  1- 3 |  4- 6 |  7- 9 || total
-------------------------+-------+-------+-------++-------
Melee: Dagger            |   113 |       |       ||   113
       Unarmed           |     3 |       |       ||     3
       Falchion          |       |    87 |     9 ||    96
 Cast: Summon Small Mamm |    16 |       |     7 ||    23
       Call Imp          |    14 |    34 |    10 ||    58
       Magic Dart        |    26 |     3 |       ||    29
       Freeze            |       |    15 |     6 ||    21
 Abil: Hop               |     3 |       |     1 ||     4
  Use: Scroll            |     2 |       |     1 ||     3
 Stab: Sleeping          |     4 |       |       ||     4
Armor: Leather armour    |    43 |    17 |     3 ||    63
Dodge: Dodged            |    71 |    73 |    13 ||   157
       Rpst.: Falchion   |       |    29 |     4 ||    33
